 Dungeon Crawl Stone Soup version 0.21-a0-271-ge7f0487 (webtiles) character file.

45 Lavandula the Ruffian (level 3, 0/29 HPs)
             Began as a Ghoul Warper on Sept 15, 2017.
             Killed from afar by an orc wizard (2 damage)
             ... with a puff of flame
             ... on level 3 of the Dungeon.
             The game lasted 00:03:29 (591 turns).

Lavandula the Ruffian (Ghoul Warper)                 Turns: 591, Time: 00:03:30

Health: 0/29       AC:  3    Str: 15    XL:     3   Next: 64%
Magic:  3/4        EV: 11    Int:  8    God:
Gold:   57         SH:  0    Dex:  8    Spells: 1/5 levels left

rFire    . . .     SeeInvis .     - Unarmed
rCold    + . .     Gourm    .   (no shield)
rNeg     + + +     Faith    .   g - +0 leather armour {rN+}
rPois    ∞         Spirit   .   (no helmet)
rElec    .         Reflect  .   (no cloak)
rCorr    .         Harm     .   (no gloves)
MR       .....                  (no boots)
Stlth    +.........             (no amulet)
HPRegen  0.00/turn              (no ring)
MPRegen  0.09/turn              (no ring)

@: rotting
A: rotting body, claws 1, carnivore 3, cold resistance 1, negative energy
resistance 3, inhibited regeneration, torment resistance, unbreathing
a: no special abilities


You were on level 3 of the Dungeon.
You were not hungry.

You visited 1 branch of the dungeon, and saw 3 of its levels.

You collected 57 gold pieces.

Inventory:

Missiles
 d - 5 tomahawks of dispersal (quivered)
Armour
 g - a +0 leather armour of positive energy (worn)
Magical Staves
 a - an uncursed staff of wizardry {unknown}
Scrolls
 c - 2 scrolls of blinking
 e - 5 scrolls of identify {unknown}
 i - a scroll of magic mapping {unknown}
 j - a scroll of teleportation {unknown}
 l - a scroll of fear {unknown}
 m - a scroll of recharging {unknown}
Potions
 h - a potion of curing {unknown}
Books
 b - a book of Spatial Translocations

   Spells                             Type                      Level
   a - Blink                          Translocation                2
   b - Shroud of Golubria             Charms/Translocation         2
   c - Lesser Beckoning               Translocation                3
   d - Gell's Gravitas                Translocation                3
   e - Teleport Other                 Translocation                3
   f - Passage of Golubria            Translocation                4
Comestibles
 f - a meat ration


   Skills:
 - Level 2.1 Fighting
 - Level 0.8 Throwing
 - Level 0.8 Armour
 - Level 1.7 Dodging
 + Level 4.2 Unarmed Combat
 - Level 1.7 Spellcasting
 - Level 2.6 Translocations


You had one spell level left.
You knew the following spells:

 Your Spells              Type           Power        Failure   Level  Hunger
a - Blink                 Tloc           N/A          22%         2    ###....
b - Shroud of Golubria    Chrm/Tloc      #.........   36%         2    ###....


Dungeon Overview and Level Annotations

Branches:
Dungeon (3/15)

Altars:
Uskayaw


Innate Abilities, Weirdness & Mutations

Your body is rotting away.
You thrive on raw meat.
You are immune to poison.
You have sharp fingernails.
You are carnivorous and can eat meat at any time.
Your flesh is cold resistant. (rC+)
You are immune to negative energy. (rN+++)
You do not regenerate when monsters are visible.
You are immune to unholy pain and torment.
You can survive without breathing.


Message History

Something hits you but does no damage.
You closely miss the orc wizard.
Your shroud unravels.
Something hits you.
The orc wizard points at you and mumbles some strange words.
The magic dart hits you!
* * * LOW HITPOINT WARNING * * *
The orc wizard gestures at you while chanting.
The magic dart hits something.
Eat a chunk of flesh? (ye/n/q)
You eat the chunk of flesh.
This raw flesh tastes great!
Something hits you.
The orc wizard gestures at you while chanting.
The magic dart hits you!
* * * LOW HITPOINT WARNING * * *
Okay, then.
Okay, then.
You hear some strange, mumbled words.
A puff of flame appears from out of thin air!
The puff of flame hits you!
You die...

#. #. #. #. ..# #.
#..# ####)### #..#
#...oo(# ...##
#.##.#.#### #...##
#.......@.# .....##
#..###.##.#
......###......##.#
...(...###....###.#
.......'.......##.#
.......###....###.#
......## #........#
.....## ####.#####
#...## #.#


You could see an orc wizard and an orc.

Vanquished Creatures
  2 adders
  A worm (D:3)
  A dart slug (D:2)
  2 orcs (D:3)
  A bat (D:1)
  2 giant cockroaches (D:3)
  3 hobgoblins
  6 kobolds
  4 rats
22 creatures vanquished.

Notes
Turn   | Place    | Note
-------+----------+-------------------------------------------
     0 | D:1      | Lavandula the Ghoul Warper began the quest for the Orb.
     0 | D:1      | Reached XP level 1. HP: 17/17 MP: 2/2
    50 | D:1      | Reached XP level 2. HP: 21/24 MP: 3/3
    88 | D:2      | Reached skill level 3 in Unarmed Combat
   151 | D:2      | Learned a level 2 spell: Blink
   154 | D:2      | Learned a level 2 spell: Shroud of Golubria
   307 | D:2      | Found a hide-covered altar of Uskayaw.
   314 | D:2      | Reached XP level 3. HP: 27/29 MP: 4/4
   501 | D:3      | Reached skill level 4 in Unarmed Combat
   591 | D:3      | Killed from afar by an orc wizard

Vault maps used:
D:1:      grunt_arrival_crossed_arrows, st_stairs_9
D:2:      fedhas_altar_4, nicolae_overflow_hidden_temple,
          chequers_ecumenical_altar_simple, okawaru_altar_gauntlet_db
D:3:      bh_walls_and_bars

Skill      XL: |  1  2  3 |
---------------+----------+-----
Unarmed Combat | 3 4 |  4.2
Fighting       | |  2.1
Throwing       | |  0.8
Armour         | |  0.8
Dodging        | |  1.7
Spellcasting   | |  1.7
Translocations | |  2.6

Action                   || total
-------------------------++-------
Melee: Unarmed           ||    90
 Cast: Shroud of Golubri ||     3
  Eat: Chunk             ||    16
Armor: Leather armour    ||    16
Dodge: Dodged            ||    36

Table legend:
 A = Spawn XP
 B = Non-spawn XP
 C = Spawn XP percentage of total XP
 D = Spawn monster count
 E = Non-spawn monster count
 F = Spawn count percentage of total count
 G = Total turns spent on level
                    A         B        C        D         E        F      G
               +---------+---------+-------+---------+---------+-------+---------
         Total |       0 |      65 |   0.0 |       0 |      22 |   0.0 |   591
               +---------+---------+-------+---------+---------+-------+---------
           D:1 |       0 |      10 |   0.0 |       0 |       6 |   0.0 |    76
           D:2 |       0 |      24 |   0.0 |       0 |       7 |   0.0 |   250
           D:3 |       0 |      31 |   0.0 |       0 |       9 |   0.0 |   265
               +---------+---------+-------+---------+---------+-------+---------
